Description

TVT

Replay - Cure v lIIllllIIlll: Game 3 - Blueshift LE

Build Order

Get SALT Encoding   

  12  0:00  SCV  
  13  0:13  Supply Depot  
  13  0:18  SCV  
  14  0:35  Barracks  
  14  0:40  Refinery  
  14  0:52  Barracks  
  14  0:57  SCV  
  15  1:09  SCV  
  16  1:22  Orbital Command  
  16  1:23  Reaper  
  17  1:31  Refinery  
  17  1:40  Reaper  
  18  1:47  SCV  
  19  1:57  Supply Depot, Reaper  
  19  1:59  SCV  
  21  2:11  SCV  
  21  2:12  Reaper  
  23  2:23  SCV  
  25  2:30  Reaper  
  25  2:35  SCV  
  26  2:40  Factory  
  26  2:47  SCV  
  26  2:48  Supply Depot  
Spawning Tool Build Advisor. Get it on Overwolf

Go to:

Details

  • Created by: jlarchitecte
  • Published on: Feb 21, 2019
  • Modified on: Feb 21, 2019
  • Patch: 4.7.1
Show
View Real Time Build Order
Export as new Build Order

Comments (0)

There are no comments. Be the first!

Create an account to comment!